 Dungeon Crawl Stone Soup version 0.14.1 (webtiles) character file.

5490 Heini the Cleaver (level 10, -18/93 HPs)
             Began as a Hill Orc Fighter on Apr 28, 2014.
             Was an Elder of Okawaru.
             Demolished by Erolcha
             ... wielding a +0,+0 giant club
              (23 damage)
             ... on Level 9 of the Dungeon.
             The game lasted 00:34:47 (8744 turns).

Heini the Cleaver (Hill Orc Fighter)                Turns: 8744, Time: 00:34:48

HP -18/93        AC 16     Str 23      XL: 10   Next: 58%
MP  11/11        EV  7     Int  8      God: Okawaru [****..]
Gold 353         SH 19     Dex 10      Spells:  0 memorised,  9 levels left

rFire  . . .     SeeInvis .     a - +0,+1 war axe
rCold  . . .     Clarity  .     t - +2 scale mail {rN+}
rNeg   + . .     Conserve +     c - +0 shield
rPois  +         rCorr    .     n - +2 hat
rElec  .         rRot     .     (no cloak)
SustAb . .       Spirit   .     z - +3 pair of gauntlets of War {Acc+5 Dam+5}
rMut   .         Warding  .     (no boots)
Saprov + . .     Stasis   .     f - amulet of conservation
MR     .....                    (no ring)
                                p - ring of poison resistance

@: exhausted, slowed, very slow, not resistant to hostile enchantments,
extremely unstealthy
A: saprovore 1
a: Heroism, Renounce Religion


You were on level 9 of the Dungeon.
You worshipped Okawaru.
Okawaru was greatly pleased with you.
You were hungry.

You visited 2 branches of the dungeon, and saw 10 of its levels.

You collected 353 gold pieces.

Inventory:

Hand weapons
 a - a +0,+1 war axe (weapon)
 s - a +1,+0 war axe
Missiles
 y - 31 stones (quivered)
Armour
 b - a +0 scale mail
 c - a +0 shield (worn)
 n - a +2 hat (worn)
 t - a +2 scale mail of positive energy (worn)
 z - the +3 pair of gauntlets of War (worn) {Acc+5 Dam+5}
   (You found it on level 7 of the Dungeon)

   It affects your accuracy with ranged weapons and melee attacks (+5).
   It affects your damage with ranged weapons and melee attacks (+5).
 O - a +0 plate armour
Magical devices
 e - a wand of flame (7)
 B - a wand of draining (8) {unknown}
 C - a wand of polymorph (3)
 G - a wand of flame (6)
Comestibles
 d - 3 meat rations
 o - a choko
 r - 14 strawberries
 v - 2 bread rations
 D - 2 cheeses
 K - a chunk of jackal flesh
 N - a lemon
 Q - 3 chunks of hobgoblin flesh
Scrolls
 h - 6 scrolls of remove curse
 l - 5 scrolls of teleportation
 q - a scroll of fear
 x - a scroll of recharging
 A - a scroll of blinking
 F - a scroll of magic mapping
Jewellery
 f - an amulet of conservation (around neck)
 i - an uncursed amulet of guardian spirit
 m - an uncursed ring of invisibility
 p - a ring of poison resistance (left hand)
 u - an uncursed ring of sustain abilities {unknown}
 w - an uncursed ring of positive energy {unknown}
 E - an uncursed ring of wizardry {unknown}
 H - the ring "Cruefies" {rF+ Str-2}
   (You found it on level 7 of the Dungeon)

   [ring of protection from fire]

   It affects your strength (-2).
Potions
 g - 2 potions of magic
 k - a potion of heal wounds
 I - a potion of confusion {unknown}
 J - a potion of restore abilities
 L - a potion of paralysis {unknown}
 P - a potion of degeneration {unknown}
Books
 j - a book of Unlife

   Spells                             Type                      Level
   Recall                             Summoning/Translocation      3
   Animate Dead                       Necromancy                   4
   Control Undead                     Necromancy                   4
   Twisted Resurrection               Necromancy                   5
   Death Channel                      Necromancy                   6
   Simulacrum                         Ice/Necromancy               6


   Skills:
 * Level 9.9 Fighting
 * Level 13.7 Axes
 * Level 9.1 Armour
 - Level 3.2 Shields
 + Level 0.3 Invocations
 + Level 0.7 Evocations


You had 9 spell levels left.
You didn't know any spells.

Dungeon Overview and Level Annotations

Branches:
Dungeon (9/15)             Temple (1/1) D:6             Orc (0/4) D:9
   Lair: D:8-11

Altars:
Ashenzari
Dithmenos
Elyvilon
Fedhas
Kikubaaqudgha
Makhleb
Nemelex Xobeh
Okawaru
Sif Muna
Trog
Vehumet
Yredelemnul
Zin
The Shining One

Annotations:
D:9 Cerbis' ghost, experienced TeAE; Erolcha


Innate Abilities, Weirdness & Mutations

You can tolerate rotten meat.


Message History

Erolcha hits you with a giant club.
* * * LOW HITPOINT WARNING * * *
Erolcha hits you with a giant club!
* * * LOW HITPOINT WARNING * * *
Unknown command.
Your shield and scale mail prevent you from hitting Erolcha.
Erolcha is severely wounded.
Erolcha screams, "Lunch!"
Erolcha barely misses you.
You slash Erolcha!
Erolcha is almost dead.
Erolcha hits you but does no damage. Erolcha gestures at you while chanting.
You resist.
You feel less confused. You block Erolcha's attack. Erolcha barely misses you.
You hit Erolcha.
Erolcha is almost dead.
Erolcha hits you with a giant club!
You die...

###......#.......##....##
#........#.......##.....##
#........................#
#....<...#.......#...<...#
#........#..............[#
#.#.....##........#.....##
#......###........##...)#
#......##.....O.#.###.#.#
##.#####.##..@.#.# #.#.#
#. #.#.....#.. ....#
#.............###
......<...######
##........# #.......##
###...## #####


You could see Erolcha.

Vanquished Creatures
  Prince Ribbit (D:5)
  A hill giant zombie (D:9)
  5 yaks (D:9)
  3 hippogriffs
  2 necrophages
  Menkaure (D:4)
  An orc warrior (D:9)
  A phantom (D:8)
  A sky beast (D:7)
  An ice beast (D:5)
  2 ogres
  A swamp drake (D:9)
  4 centaurs
  Sigmund (D:5)
  Duvessa (D:6)
  Blork the orc (D:7)
  A big kobold (D:8)
  2 giant frogs
  2 scorpions
  5 killer bees (D:8)
  A yak skeleton (D:7)
  4 wights (D:7)
  Dowan (D:6)
  4 crimson imps
  7 orc wizards
  2 goliath beetles
  2 hounds
  7 orc priests
  2 iguanas
  2 jellies
  2 orange rats (D:7)
  4 worker ants
  Ijyb (D:6)
  An ogre zombie (D:6)
  3 hound zombies
  10 adders
  7 green rats (D:7)
  A scorpion zombie (D:8)
  An inept feature mimic (D:2)
  2 shadow imps (D:7)
  8 worms
  A giant eyeball (D:7)
  3 giant geckos
  36 orcs
  4 giant cockroaches
  A giant mite zombie (D:5)
  12 hobgoblins
  9 jackals
  2 quokkas
  A ball python (D:5)
  9 bats
  5 giant newts
  8 goblins
  16 kobolds
  A kobold zombie (D:5)
  An orc zombie (D:7)
  A quokka zombie (D:5)
  37 rats
  A ballistomycete (D:9)
257 creatures vanquished.

Vanquished Creatures (others)
  A big kobold (D:8)
  A sky beast zombie (D:9)
  A giant spore (D:9)
3 creatures vanquished.

Grand Total: 260 creatures vanquished

Notes
Turn   | Place    | Note
--------------------------------------------------------------
     0 | D:1      | Heini, the Hill Orc Fighter, began the quest for the Orb.
     0 | D:1      | Reached XP level 1. HP: 19/19 MP: 1/1
   266 | D:1      | Reached XP level 2. HP: 13/27 MP: 2/2
   765 | D:2      | Reached skill level 4 in Fighting
  1051 | D:2      | Found a burning altar of Makhleb.
  1061 | D:2      | Reached XP level 3. HP: 31/33 MP: 3/3
  1204 | D:2      | Found a glowing golden altar of the Shining One.
  1227 | D:2      | Reached XP level 4. HP: 39/41 MP: 4/4
  1240 | D:2      | Found a glowing silver altar of Zin.
  1513 | D:2      | Noticed a moth of wrath
  1516 | D:2      | Found a bloodstained altar of Trog.
  2020 | D:3      | Reached XP level 5. HP: 47/47 MP: 5/5
  2040 | D:3      | Reached skill level 5 in Fighting
  2189 | D:3      | Noticed a centaur
  2204 | D:3      | Killed a centaur
  2204 | D:3      | Reached skill level 5 in Axes
  2204 | D:3      | Reached skill level 5 in Armour
  2204 | D:3      | Reached XP level 6. HP: 39/56 MP: 3/6
  2600 | D:3      | Found a shattered altar of Ashenzari.
  2875 | D:4      | Noticed Menkaure
  2908 | D:4      | Killed Menkaure
  2943 | D:4      | Reached skill level 6 in Axes
  3389 | D:5      | Entered Level 5 of the Dungeon
  3428 | D:5      | Reached XP level 7. HP: 34/62 MP: 4/7
  3516 | D:5      | Reached skill level 7 in Axes
  3841 | D:6      | Noticed Ijyb
  3848 | D:6      | Killed Ijyb
  3924 | D:6      | Found a shadowy altar of Dithmenos.
  3956 | D:6      | Noticed Duvessa
  3956 | D:6      | Noticed Dowan
  3967 | D:6      | Killed Duvessa
  3967 | D:6      | Reached XP level 8. HP: 49/71 MP: 8/8
  3969 | D:6      | Killed Dowan
  3969 | D:6      | Reached skill level 8 in Axes
  4366 | D:6      | Found a staircase to the Ecumenical Temple.
  4380 | Temple   | Entered the Ecumenical Temple
  4408 | Temple   | Became a worshipper of Warmaster Okawaru
  4960 | D:5      | Noticed a hippogriff
  4963 | D:5      | Noticed Prince Ribbit
  5198 | D:5      | Found an ancient bone altar of Kikubaaqudgha.
  5266 | D:5      | Noticed Sigmund
  5393 | D:7      | Reached skill level 9 in Axes
  5604 | D:7      | Acquired Okawaru's first power
  5720 | D:7      | Reached XP level 9. HP: 79/79 MP: 9/9
  5815 | D:7      | Noticed Blork the orc
  5822 | D:7      | Killed Blork the orc
  5822 | D:7      | Reached skill level 10 in Axes
  5856 | D:7      | Paralysed by a giant eyeball for 2 turns
  5863 | D:7      | Paralysed by a giant eyeball for 4 turns
  6231 | D:7      | Reached skill level 11 in Axes
  6436 | D:7      | Got an ancient granite ring
  6493 | D:7      | Identified the ring "Cruefies" {rF+ Str-2} (You found it on level 7 of the Dungeon)
  6634 | D:5      | Killed a hippogriff
  6706 | D:5      | Killed Sigmund
  6760 | D:5      | Killed Prince Ribbit
  6899 | D:8      | Found a sparkling altar of Nemelex Xobeh.
  6916 | D:8      | Reached skill level 12 in Axes
  7271 | D:8      | Reached XP level 10. HP: 44/91 MP: 8/10
  7698 | D:8      | Noticed Erolcha
  7707 | D:8      | Paralysed by Erolcha for 4 turns
  7913 | D:9      | Reached skill level 13 in Axes
  8052 | D:9      | Noticed Cerbis' ghost (experienced TeAE)
  8071 | D:9      | HP: 4/91 [Cerbis' ghost/bolt of lightning (28)]
  8351 | D:9      | Found a staircase to the Orcish Mines.
  8728 | D:9      | Paralysed by Erolcha for 3 turns
  8736 | D:9      | Paralysed by Erolcha for 4 turns
  8740 | D:9      | HP: 3/93 [Erolcha/giant club (14)]
  8744 | D:9      | Demolished by Erolcha

Action                   |  1- 3 |  4- 6 |  7- 9 | 10-12 || total
-------------------------+-------+-------+-------+-------++-------
Melee: War axe           |    82 |   155 |   394 |   150 ||   781
Invok: Heroism           |       |       |     1 |     1 ||     2
Evoke: Wand              |       |       |     2 |     1 ||     3
  Use: Scroll            |     5 |     1 |    10 |     5 ||    21
       Potion            |       |     1 |     4 |     4 ||     9
